 Dungeon Crawl Stone Soup version 0.29.1-15-g9cfb28693d (webtiles) character file.

Game seed: 8685937313989508427

184298 LustLizard the Brawler (level 17, -23/175 HPs)
             Began as a Troll Fighter on Mar 21, 2023.
             Was the Champion of Wu Jian.
             Annihilated by a tyrant leech (43 damage)
             ... called by a spriggan druid
             ... called by a spriggan druid
             ... on level 4 of the Swamp on Mar 24, 2023.
             The game lasted 01:13:28 (25693 turns).

LustLizard the Brawler (Troll Fighter)             Turns: 25693, Time: 01:13:29

Health: -23/175    AC: 17    Str: 46    XL:     17   Next: 77%
Magic:  20/20      EV: 16    Int: 10    God:    Wu Jian [******]
Gold:   1518       SH: 11    Dex: 11    Spells: 17/21 levels left

rFire   x . .      SeeInvis .     - Unarmed
rCold   + + .      Faith    .   b - +0 kite shield
rNeg    . . .      Spirit   .   w - +0 ice dragon scales
rPois   +          Reflect  .   Y - +3 hat of Ignis's Delight {Dex+2}
rElec   .          Harm     .   Z - +2 cloak {rPois}
rCorr   .          Rampage  .   (gloves unavailable)
Will    +....                   (boots unavailable)
Stlth   ..........              N - amulet "Umogan" {Acrobat Drain Regen+ Str+6}
HPRegen 1.99/turn               I - +6 ring of strength
MPRegen 0.17/turn               F - +6 ring of strength

@: in a heavenly storm, glowing, studying Ranged Weapons
A: large, unfitting armour, claws 3, regeneration 1, shaggy fur 1, tough skin 1
a: Renounce Religion, Wall Jump, Serpent's Lash, Heavenly Storm


You were on level 4 of the Swamp.
You worshipped Wu Jian.
Wu Jian was exalted by your worship.
You visited 5 branches of the dungeon, and saw 27 of its levels.
You also visited: Sewer, Gauntlet, Ice Cave and Volcano.

You collected 2691 gold pieces.
You spent 1173 gold pieces at shops.

Inventory:

Hand Weapons
 C - a +6 hand axe of flaming
Missiles
 j - 63 poisoned darts
 D - a throwing net
 T - 3 curare-tipped darts
Armour
 a - a +1 troll leather armour {Snorg}
 b - a +0 kite shield (worn)
 f - a +2 cloak of willpower
 u - a scarf of resistance
 w - +0 ice dragon scales (worn)
 H - a +1 hat of see invisible
 Y - the +3 hat of Ignis's Delight (worn) {Dex+2}
   (You found it in a Gauntlet)

   Dex:       It affects your dexterity (+2).
 Z - a +2 cloak of poison resistance (worn)
Jewellery
 l - a ring of willpower
 s - a ring of protection from cold
 v - a +6 ring of intelligence
 x - the amulet "Pufreup" {RegenMP rPois}
   (You found it in an ice cave)

   [amulet of magic regeneration]

   It increases your rate of magic regeneration.
   rPois:     It protects you from poison.
 y - a ring of resist corrosion
 A - a ring of flight
 F - a +6 ring of strength (right claw)
 I - a +6 ring of strength (left claw)
 N - the amulet "Umogan" (around neck) {Acrobat Drain Regen+ Str+6}
   (You found it in an ice cave)

   [amulet of the acrobat]

   It increases your evasion while moving and waiting.
   Str:       It affects your strength (+6).
   Regen:     It increases your rate of health regeneration.
   Drain:     It drains your maximum health when unequipped.
 R - a ring of protection from fire
 V - a ring of willpower
 X - a ring of positive energy
Wands
 r - a wand of flame (33) (quivered)
 B - a wand of polymorph (8)
 J - a wand of paralysis (32)
 M - a wand of light (22)
 P - a wand of mindburst (29)
Scrolls
 h - 6 scrolls of teleportation
 i - 4 scrolls of poison
 m - a scroll of fog
 o - 4 scrolls of vulnerability
 p - 3 scrolls of amnesia
 q - 3 scrolls of immolation
 t - 3 scrolls of torment
 L - a scroll of enchant armour
 U - a scroll of acquirement
 W - 2 scrolls of magic mapping
Potions
 c - 4 potions of might
 d - 4 potions of haste
 e - 5 potions of brilliance
 g - 5 potions of curing
 k - 4 potions of magic
 n - 8 potions of mutation
 E - 4 potions of attraction
 K - a potion of ambrosia
 O - 4 potions of resistance
 Q - 2 potions of heal wounds
 S - 2 potions of cancellation
Miscellaneous
 z - a phantom mirror
 G - a box of beasts


   Skills:
 + Level 12.7 Fighting
 - Level 9.9 Dodging
 - Level 13.3 Shields
 * Level 20.3 Unarmed Combat
 + Level 2.8 Spellcasting
 + Level 2.9 Transmutations
 + Level 3.6 Earth Magic


You had 17 spell levels left.
You knew the following spells:

 Your Spells              Type           Power      Damage    Failure   Level
a - Petrify               Tmut/Erth      7%         N/A       93%         4

Your spell library contained the following spells:

 Spells                   Type           Power      Damage    Failure   Level
 Apportation              Tloc           2%         N/A       65%         1
 Necrotise                Necr           4%         1d4       65%         1
 Summon Small Mammal      Summ           4%         N/A       65%         1
 Ensorcelled Hibernation  Hex/Ice        2%         N/A       80%         2
 Sublimation of Blood     Necr           1%         N/A       80%         2
 Spider Form              Tmut/Pois      4%         N/A       82%         3
 Ignite Poison            Fire/Tmut/Pois 3%         N/A       87%         3
 Conjure Flame            Conj/Fire      1%         6-21      95%         3
 Ozocubu's Armour         Ice            1%         N/A       95%         3
 Portal Projectile        Hex/Tloc       2%         N/A       95%         3
 Tukima's Dance           Hex            1%         N/A       95%         3
 Anguish                  Hex/Necr       0%         N/A       100%        4
 Animate Dead             Necr           1%         N/A       100%        4
 Cause Fear               Hex            0%         N/A       100%        4
 Sticky Flame             Conj/Fire      1%         2d3       100%        4
 Alistair's Intoxication  Tmut/Pois      2%         N/A       100%        5
 Blade Hands              Tmut           3%         N/A       100%        5
 Borgnjor's Vile Clutch   Necr/Erth      2%         N/A       100%        5
 Freezing Cloud           Conj/Ice/Air   0%         6-21      100%        5
 Irradiate                Conj/Tmut      2%         3d12      100%        5
 Death Channel            Necr           0%         N/A       100%        6
 Eringya's Noxious Bog    Tmut/Pois      2%         N/A       100%        6
 Simulacrum               Ice/Necr       0%         N/A       100%        6
 Dragon Form              Tmut           3%         N/A       100%        7
 Ozocubu's Refrigeration  Ice            0%         4d7       100%        7
 Dragon's Call            Summ           0%         N/A       100%        9
 Polar Vortex             Ice            0%         N/A       100%        9


Dungeon Overview and Level Annotations

Branches:
Dungeon (15/15)            Temple (1/1) D:4            Lair (5/5) D:10
  Swamp (4/4) Lair:3        Snake (0/4) Lair:2        Slime (0/5) Lair:5
    Orc (2/2) D:11            Elf (0/3) Orc:2        Vaults (0/5) D:13
 Depths (0/4) D:15          Sewer (visited)           IceCv (visited)
Volcano (visited)         Gauntlet (visited)

Altars:
Ashenzari
Cheibriados
Dithmenos
Elyvilon
Fedhas
Gozag
Hepliaklqana
Kikubaaqudgha
Makhleb
Nemelex Xobeh
Okawaru
Qazlal
Ru
Sif Muna
Trog
Uskayaw
Vehumet
Wu Jian
Xom
Yredelemnul
Zin
The Shining One
Jiyva

Shops:
D:4 [   D:5 !=:*   D:7 *   D:8 *   D:9 *   Orc:1 *   Orc:2 ([*=

Annotations:
Swamp:2 3 runed translucent doors, Iffuusoj's ghost, adept MiBe; Lifilof's ghost, adept MiFi; Ricegish's ghost, adept GnFi


Innate Abilities, Weirdness & Mutations

You are too large for most types of armour.
You have claws for hands.
Your natural rate of healing is unusually fast.
You are covered in fur. (AC +1)
You have tough skin. (AC +1)


Message History

The swamp dragon is heavily wounded.
You scratch the swamp dragon but do no damage.
The swamp dragon is heavily wounded.
You spin and attack the swamp dragon.
You scratch the swamp dragon.
The swamp dragon is lightly wounded.
The tyrant leech bites you!!
The tyrant leech draws strength from your injuries!
You block the swamp dragon's attack. x3; The swamp dragon closely misses you.
The swamp dragon completely misses you. You block the swamp dragon's attack.
You spin and attack the swamp dragon repeatedly.
You eviscerate the swamp dragon!!!
You kill the swamp dragon!
The Council accepts your kill.
You spin and attack the swamp dragon.
You eviscerate the swamp dragon!!!
The swamp dragon is severely wounded.
The swamp dragon closely misses you. The swamp dragon claws you!
The swamp dragon tramples you.
You hold your ground!
You spin and attack the tyrant leech.
You mangle the tyrant leech!!
The tyrant leech is moderately wounded.
You block the tyrant leech's attack. The hornet stings you!!
You feel yourself slow down.
Unknown command.
You spin and attack the swamp dragon.
You eviscerate the swamp dragon!!!
You kill the swamp dragon!
The Council accepts your kill.
You spin and attack the tyrant leech repeatedly.
You claw the tyrant leech!
The tyrant leech is heavily wounded.
You claw the tyrant leech!
The tyrant leech is severely wounded.
The tyrant leech bites you!!!
* * * LOW HITPOINT WARNING * * *
The tyrant leech draws strength from your injuries!
The hornet stings you but does no damage.
Okay, then.
The air is filled with shimmering golden clouds!
Sifu Lu Zhishen says: The storm will not cease as long as you keep fighting, disciple!
You feel yourself speed up. You block the hornet's attack.
The tyrant leech bites you!!!
You die...

♣~§~~~§.~~§~~~~~~§~~.♣
♣~~~~~~♣.~~~~~~~~~~~~♣♣
~#~#~~...~~~~~♣♣.~~~~...(..~~♣
#~♣~.~..~~~~~~..~.........♣♣♣
♣~~~~....~~~.~~..≈≈≈≈.<...♣
~.♣≈.§~~♣..~~~~~.≈≈≈≈...≈.♣
~.♣..~♣ ♣..~~~§§☼§§≈≈≈≈≈≈≈.~♣
.~...♣♣♣♣♣~§~~§§§§§≈≈≈≈≈≈≈≈~..
...~..~.♣~~...§§@y§≈≈≈≈≈≈≈.~.~
~~.~~.~~♣.~~.~§☼☼w§≈≈≈≈≈≈≈.~~~
..~.~~.~.....~§§☼§§≈≈≈≈≈..~~~~
.~†~♣♣♣~~.~♣.~~~~........~~..♣
.~~~♣ ♣♣♣♣♣~.~~~)~.§~~~~~~
~.~.~♣ ♣.~~.~~~.~~.~~~~.
♣♣~♣♣♣ ♣.~~~~.§..~~~~~.~ ♣♣♣
♣♣~~.........~..♣
♣~♣♣...~~~~~§..~♣


You could see a tyrant leech (strong) and a hornet (strong).

Vanquished Creatures
  A golden dragon (IceCv)
  Frances (Swamp:1)
  Agnes (D:14)
  A frost giant (D:15)
  An ironbound preserver (D:13)
  2 orc warlords (Orc:2)
  A stone giant (D:15)
  The ghost of Calibrex the Warrior, a journeyman DrBe of Trog (D:15)
  5 eleionomae
  A deep elf annihilator (D:15)
  4 bunyips
  A minotaur (Gauntlet)
  5 dire elephants (Lair:5)
  Snorg (D:14)
  A red draconian (Volcano)
  A shambling mangrove (Swamp:2)
  5 ice dragons (IceCv)
  A ghost crab (Swamp:1)
  3 centaur warriors
  15 hydras
  2 catoblepae
  2 boulder beetles
  3 two-headed ogres
  A death knight (D:15)
  3 merfolk aquamancers (D:15)
  4 alligators
  5 tengu warriors
  4 orc high priests
  Urug (Orc:1)
  9 death yaks
  4 spriggans
  A spectral dire elephant (Lair:5)
  A salamander mystic (Volcano)
  2 spectral death yaks (Lair:5)
  2 spriggan druids
  A spectral anaconda (Lair:5)
  4 skeletal warriors (D:13)
  An orange crystal statue (IceCv)
  4 goliath frogs
  7 bog bodies
  An obsidian statue (Lair:5)
  Pikel (D:8)
  5 swamp dragons
  A deep elf pyromancer (Volcano)
  4 wizards (Gauntlet)
  5 orc sorcerers (Orc:2)
  9 orc knights
  4 cyclopes
  9 ugly things
  4 necromancers (Lair:5)
  3 salamanders (Volcano)
  2 manticores
  20 elephants
  4 will-o-the-wisps
  6 black mambas
  4 molten gargoyles (Volcano)
  A water nymph (D:15)
  5 gargoyles
  10 cane toads
  4 storm dragon simulacra (IceCv)
  2 unseen horrors
  13 komodo dragons
  3 kobold demonologists
  An efreet (D:13)
  2 freezing wraiths (D:15)
  6 golden dragon simulacra (IceCv)
  2 tengu conjurers
  5 tyrant leeches
  A bloated husk (Swamp:2)
  2 polar bears
  5 hornets
  A wolf spider simulacrum (D:15)
  8 trolls
  3 meliai (D:14)
  6 slime creatures
  14 blink frogs
  5 dream sheep (Lair:5)
  2 centaur simulacra (D:15)
  A shadow (D:12)
  33 yaks
  A water elemental (D:15)
  5 wraiths
  4 wyverns
  6 basilisks
  2 steam dragons
  7 wargs
  16 swamp worms
  14 vampire mosquitoes
  3 nagas (Lair:2)
  15 water moccasins
  2 sky beasts
  An ice beast (D:5)
  40 orc warriors
  4 swamp drakes
  5 ice dragon simulacra (IceCv)
  2 black bears
  7 wolves
  2 ogres (Orc:2)
  16 centaurs
  2 phantoms (D:6)
  A lemure (D:8)
  5 kobold brigands
  10 bullfrogs
  2 scorpions
  2 gnoll sergeants
  4 wights (D:9)
  9 killer bees
  5 lindwurm simulacra (IceCv)
  6 howler monkeys
  3 electric eels
  5 hounds
  4 jellies
  24 orc priests
  Crazy Yiuf (D:2)
  A gnoll bouda (D:6)
  Jessica (D:2)
  Terence (D:2)
  3 iguanas
  34 orc wizards
  6 adders
  15 gnolls
  5 shadow imps (Gauntlet)
  4 white imps
  4 worms
  3 dart slugs
  97 orcs
  23 endoplasms
  9 giant cockroaches
  9 goblins
  7 hobgoblins
  4 jackals (D:4)
  3 quokkas
  12 ball pythons
  6 bats
  8 frilled lizards
  38 kobolds
  7 rats
865 creatures vanquished.

Vanquished Creatures (collateral kills)
  A storm dragon simulacrum (IceCv)
1 creature vanquished.

Vanquished Creatures (others)
  A bloated husk (Swamp:4)
  A spriggan (Swamp:4)
  7 foxfires
  22 fungi
  113 plants
  34 withered plants (Lair:5)
178 creatures vanquished.

Grand Total: 1044 creatures vanquished

Notes
Turn   | Place    | Note
-------+----------+-------------------------------------------
     0 | D:1      | LustLizard the Troll Fighter began the quest for the Orb.
     0 | D:1      | Reached XP level 1. HP: 22/22 MP: 0/0
   212 | D:1      | Reached XP level 2. HP: 29/29 MP: 1/1
   331 | D:1      | Found a faded altar of an unknown god.
   664 | D:1      | Reached XP level 3. HP: 36/36 MP: 2/2
  1051 | D:2      | Reached skill level 3 in Unarmed Combat
  1291 | D:2      | Noticed Jessica
  1298 | D:2      | Killed Jessica
  1299 | D:2      | Reached XP level 4. HP: 14/44 MP: 3/3
  1372 | D:2      | Found a runed translucent door.
  1373 | D:2      | Noticed Crazy Yiuf
  1646 | D:2      | Noticed Terence
  1667 | D:2      | Killed Terence
  1946 | D:3      | Reached skill level 4 in Unarmed Combat
  1946 | D:3      | Reached XP level 5. HP: 52/53 MP: 4/4
  2598 | D:4      | Found Pidwakaf's Antique Armour Shoppe.
  2653 | D:4      | Reached XP level 6. HP: 61/61 MP: 5/5
  2717 | D:4      | Found a staircase to the Ecumenical Temple.
  2724 | Temple   | Entered the Ecumenical Temple
  2731 | Temple   | Became a worshipper of the Wu Jian Council
  2781 | D:4      | Found a glowing drain.
  2846 | Sewer    | Entered a sewer
  2905 | Sewer    | Reached * piety under Wu Jian
  2931 | Sewer    | Reached skill level 5 in Unarmed Combat
  2967 | Sewer    | Found a viscous altar of Jiyva.
  3439 | D:5      | Entered Level 5 of the Dungeon
  3530 | D:5      | Noticed an ice beast
  3535 | D:5      | Killed an ice beast
  3536 | D:5      | Reached XP level 7. HP: 70/70 MP: 6/6
  3699 | D:5      | Reached skill level 6 in Unarmed Combat
  3729 | D:5      | Found Gohy's General Store.
  3730 | D:5      | Found Vivuixiosk's Jewellery Emporium.
  3791 | D:5      | Reached ** piety under Wu Jian
  3866 | D:5      | Found Xaczuomu's Book Emporium.
  3867 | D:5      | Found Kiarom's Distillery.
  3886 | D:5      | Bought a potion of heal wounds for 70 gold pieces
  3886 | D:5      | Bought a potion of curing for 42 gold pieces
  4486 | D:6      | Reached skill level 5 in Shields
  4486 | D:6      | Reached skill level 7 in Unarmed Combat
  4486 | D:6      | Reached XP level 8. HP: 78/79 MP: 7/7
  4786 | D:6      | Reached skill level 5 in Fighting
  4850 | D:6      | Reached skill level 8 in Unarmed Combat
  5075 | D:6      | Noticed a manticore
  5087 | D:6      | HP: 3/80 [manticore (6)]
  5089 | D:6      | HP: 1/80 [manticore (5)]
  5090 | D:6      | Killed a manticore
  5091 | D:6      | Reached XP level 9. HP: 3/88 MP: 8/8
  5148 | D:6      | Noticed a five-headed hydra
  5266 | D:7      | Found Exo Yluh's Elemental Accessories.
  5269 | D:7      | Reached *** piety under Wu Jian
  5283 | D:7      | Reached skill level 9 in Unarmed Combat
  5394 | D:7      | You are sucked into a shaft and drop 2 floors!
  5548 | D:8      | Noticed Pikel
  5553 | D:8      | Killed Pikel
  5604 | D:8      | Reached skill level 10 in Unarmed Combat
  6159 | D:8      | Found a radiant altar of Vehumet.
  6159 | D:8      | Found an ancient bone altar of Kikubaaqudgha.
  6171 | D:8      | Found a sacrificial altar of Ru.
  6173 | D:8      | Found a glowing golden altar of the Shining One.
  6175 | D:8      | Found a snail-covered altar of Cheibriados.
  6228 | D:8      | Reached XP level 10. HP: 100/100 MP: 9/9
  6234 | D:8      | Found Hodgh's Assorted Antiques.
  6239 | D:8      | Bought an inky potion for 23 gold pieces
  6944 | D:9      | Found Himnem's General Store.
  6951 | D:9      | Noticed a two-headed ogre
  6974 | D:9      | Killed a two-headed ogre
  7222 | D:9      | Reached skill level 11 in Unarmed Combat
  7288 | D:10     | Entered Level 10 of the Dungeon
  7331 | D:10     | Reached **** piety under Wu Jian
  7417 | D:10     | Found a staircase to the Lair.
  7466 | D:10     | Noticed an elephant
  7476 | D:10     | Killed an elephant
  7477 | D:10     | Reached skill level 5 in Dodging
  7592 | D:10     | Reached XP level 11. HP: 89/109 MP: 10/10
  8416 | D:2      | Killed Crazy Yiuf
  8673 | D:6      | Killed a five-headed hydra
  8736 | D:6      | Noticed a two-headed ogre
  8742 | D:6      | Killed a two-headed ogre
  8743 | D:6      | Reached skill level 12 in Unarmed Combat
  8887 | D:8      | Noticed a centaur warrior
  8887 | D:8      | Noticed a boulder beetle
  8897 | D:8      | Killed a centaur warrior
  8902 | D:8      | Killed a boulder beetle
  9057 | D:11     | Found a staircase to the Orcish Mines.
  9382 | D:11     | Reached ***** piety under Wu Jian
  9410 | D:11     | Identified the +0 leather armour of Beogh's Inspiration
                  | {+Blink Str+2 Int-2 SInv}
  9618 | D:12     | Noticed a purple ugly thing
  9638 | D:12     | Killed a purple ugly thing
  9646 | D:12     | Noticed a two-headed ogre
  9651 | D:12     | Killed a two-headed ogre
  9773 | D:12     | Noticed a five-headed hydra
  9784 | D:12     | Killed a one-headed hydra
  9785 | D:12     | Reached skill level 13 in Unarmed Combat
 10140 | D:12     | Reached XP level 12. HP: 93/120 MP: 11/11
 10575 | Lair:1   | Entered Level 1 of the Lair of Beasts
 10696 | Lair:1   | Found a stormy altar of Qazlal.
 11036 | Lair:1   | Identified a scroll of acquirement
 11600 | Lair:2   | Found a gate leading to a gauntlet.
 11609 | Gauntlet | Entered a Gauntlet
 11609 | Gauntlet | Found a transporter.
 11619 | Gauntlet | Found a transporter.
 11621 | Gauntlet | Found a transporter.
 11623 | Gauntlet | Found a transporter.
 11624 | Gauntlet | Found a transporter.
 11625 | Gauntlet | Found a transporter.
 11657 | Gauntlet | Found a transporter.
 11674 | Gauntlet | Found a runed translucent door.
 11678 | Gauntlet | Found the +6 Majin-Bo {vamp, MP+6 Int+6}
 11680 | Gauntlet | Found a transporter.
 11688 | Gauntlet | Noticed a catoblepas
 11753 | Gauntlet | Identified the amulet "Tuhobaw" {RegenMP Harm Will+}
 11795 | Gauntlet | Identified the +3 hat of Ignis's Delight {Dex+2}
 11805 | Gauntlet | Reached skill level 14 in Unarmed Combat
 11874 | Gauntlet | Identified the +11 dagger "Buschip" {speed, Dex+3}
 11874 | Gauntlet | Noticed a minotaur
 11884 | Gauntlet | Killed a minotaur
 11890 | Gauntlet | Identified the +0 plate armour "Pakeweji" {Int+3}
 11904 | Lair:2   | Noticed an eight-headed hydra
 11911 | Lair:2   | Killed an eight-headed hydra
 11925 | Lair:2   | Found a staircase to the Snake Pit.
 11973 | Lair:2   | Found a dark tunnel.
 11981 | Volcano  | Entered a volcano
 12158 | Volcano  | Noticed a red draconian
 12195 | Volcano  | Killed a red draconian
 12376 | Volcano  | Reached skill level 10 in Shields
 12424 | Volcano  | Reached XP level 13. HP: 77/131 MP: 12/12
 12513 | Volcano  | Noticed an orb of fire
 12579 | Volcano  | Noticed an orb of fire
 13033 | Lair:2   | Reached skill level 15 in Unarmed Combat
 13112 | Lair:2   | Reached ****** piety under Wu Jian
 13786 | Lair:3   | Found a staircase to the Swamp.
 14867 | Lair:5   | Entered Level 5 of the Lair of Beasts
 14917 | Lair:5   | Reached skill level 10 in Fighting
 14943 | Lair:4   | Reached skill level 16 in Unarmed Combat
 15158 | Lair:4   | Reached XP level 14. HP: 87/143 MP: 13/13
 15369 | Lair:5   | Identified the +2 quarterstaff of Supply {elec, *Slow Int+4
                  | Stlth+}
 15461 | Lair:5   | Found a viscous altar of Jiyva.
 15464 | Lair:5   | Found a staircase to the Slime Pits.
 15774 | Lair:5   | Identified the +4 short sword "Suomurph" {protect, *Noise
                  | Dex+2 Stlth+}
 16597 | Lair:5   | Reached skill level 17 in Unarmed Combat
 17246 | Orc:1    | Entered Level 1 of the Orcish Mines
 17480 | Orc:1    | Found Bunaiz's Assorted Antiques.
 17603 | Orc:2    | Entered Level 2 of the Orcish Mines
 17774 | Orc:2    | Found a staircase to the Elven Halls.
 17916 | Orc:2    | Noticed an orc warlord
 17941 | Orc:1    | Noticed Urug
 17947 | Orc:1    | Killed Urug
 18069 | Orc:2    | Killed an orc warlord
 18150 | Orc:2    | Reached XP level 15. HP: 125/152 MP: 14/14
 18195 | Orc:2    | Noticed an orc warlord
 18538 | Orc:2    | Killed an orc warlord
 18820 | Orc:2    | Found Xioj's General Store.
 18821 | Orc:2    | Found Roaboh's Jewellery Boutique.
 18823 | Orc:2    | Found Peotsu's Antique Armour Shop.
 18823 | Orc:2    | Found Hyseosu's Antique Weapon Shop.
 18896 | Orc:2    | Bought a glowing cloak for 150 gold pieces
 18896 | Orc:2    | Bought an embroidered robe for 74 gold pieces
 18905 | Orc:2    | Bought a potion of haste for 160 gold pieces
 18905 | Orc:2    | Bought a potion of haste for 160 gold pieces
 19048 | D:8      | Bought a potion of haste for 260 gold pieces
 19048 | D:8      | Bought a scroll of identify for 52 gold pieces
 19048 | D:8      | Bought a potion of heal wounds for 130 gold pieces
 19048 | D:8      | Bought a scroll of identify for 52 gold pieces
 19397 | D:13     | Reached skill level 18 in Unarmed Combat
 20636 | D:13     | Found a gate to the Vaults.
 20825 | D:14     | Noticed Agnes
 20836 | D:14     | Noticed Snorg
 20849 | D:14     | Found a frozen archway.
 20924 | IceCv    | Entered an ice cave
 20993 | IceCv    | HP: 3/154 [golden dragon simulacrum (11)]
 21430 | IceCv    | Noticed a golden dragon
 21440 | IceCv    | Killed a golden dragon
 21782 | IceCv    | Identified the amulet "Pufreup" {RegenMP rPois}
 21791 | IceCv    | Identified the amulet "Umogan" {Acrobat Drain Regen+ Str+6}
 21888 | D:14     | Killed Agnes
 21892 | D:14     | Reached skill level 19 in Unarmed Combat
 21892 | D:14     | Reached skill level 1 in Spellcasting
 21892 | D:14     | Reached XP level 16. HP: 114/165 MP: 14/16
 21898 | D:14     | Killed Snorg
 22049 | D:14     | Found a broken altar of Ashenzari.
 22330 | D:15     | Entered Level 15 of the Dungeon
 22436 | D:15     | Noticed Calibrex's ghost (journeyman DrBe)
 22475 | D:15     | Reached XP level 17. HP: 117/172 MP: 17/17
 22678 | D:15     | Learned a level 4 spell: Petrify
 22684 | D:15     | Found a staircase to the Depths.
 22721 | D:15     | Found a runed translucent gate.
 22721 | D:15     | Found a runed translucent gate.
 22721 | D:15     | Found a runed translucent gate.
 23375 | D:15     | Killed Calibrex's ghost
 23424 | D:15     | Identified the +0 cloak of the Hall of Blades {rF+}
 23483 | D:15     | Reached skill level 1 in Earth Magic
 23615 | Swamp:1  | Entered Level 1 of the Swamp
 23721 | Swamp:1  | Reached skill level 1 in Transmutations
 23911 | Swamp:1  | Noticed Frances
 23924 | Swamp:1  | Killed Frances
 24283 | Swamp:2  | Reached skill level 20 in Unarmed Combat
 24298 | Swamp:2  | Found a runed translucent gate.
 24298 | Swamp:2  | Found a runed translucent gate.
 24298 | Swamp:2  | Found a runed translucent gate.
 24301 | Swamp:2  | Noticed Ricegish's ghost (adept GnFi)
 24302 | Swamp:2  | Noticed Iffuusoj's ghost (adept MiBe)
 24303 | Swamp:2  | Noticed Lifilof's ghost (adept MiFi)
 25400 | Swamp:4  | Entered Level 4 of the Swamp
 25693 | Swamp:4  | Annihilated by a tyrant leech

Illustrated notes

Levels and vault maps discovered:
D:1:      dpeg_arrival_pond, layout_loops_corners,
          hellmonk_ecumenical_altar_heavens_door, nicolae_titane
D:2:      minmay_angry_zag, layout_basic, uniq_jessica, uniq_crazy_yiuf_cottage,
          uniq_terence
D:3:      layout_basic, serial_bayou_ford_a
D:4:      layout_rooms, minmay_temple_entry_hall, cheibrodos_sewer_entry_drain,
          nicolae_stop_n_shop_2
D:5:      kennysheep_kobold_camp, layout_basic, minmay_shop_grid_forest
D:6:      minmay_cornered_nines, layout_basic, dk_rats_in_the_wall
D:7:      layout_basic, nicolae_elemental_shop, st_stairs_13
D:8:      minmay_diamond_stairs, layout_rooms,
          chequers_temple_overflow_minitemple, serial_shops,
          nicolae_shop_hallway_plus, water_maze_lemuel, uniq_pikel
D:9:      layout_loops_corners, serial_shops, nicolae_take_the_stairs
D:10:     layout_basic, david_lair_generic, corner_web_ring
D:11:     layout_cave_pools, david_orc_3
D:12:     layout_roguey
D:13:     layout_roguey, skrybe_vaults_entry_preservation
D:14:     layout_rooms, nicolae_ashenzari_skybound,
          portal_ice_cave_entry_pillars_2, uniq_snorg, uniq_agnes
D:15:     grunt_enter_depths_giant_problem, layout_basic, gammafunk_ghost_split,
          nicolae_wwwww, nicolae_splish_splash
Temple:   sentei_temple_godly_chess
Lair:1:   layout_cave_pods, basic_altar, serial_bayou_lagoon_b
Lair:2:   layout_regular_city, guppyfry_snake_entry_island,
          gauntlet_entry_generic, lightli_volcano_entry_magma_tube,
          beast_lair_carwin_2
Lair:3:   layout_regular_city, skrybe_swamp_entry_bodies, grunt_megastairs_3
Lair:4:   layout_gridlike, minivault_24, grunt_megastairs_4
Lair:5:   due_jungle_book, layout_gridlike, slime_entry_1, nzn_sisyphean_effort,
          wad_woods_river_01
Swamp:1:  layout_falls_marsh, nicolae_swamp_feature_on_the_river_bank,
          swamp_pool5, uniq_frances
Swamp:2:  layout_falls_marsh, gammafunk_ghost_cemetery,
          evilmike_swamp_ruin_house_6, swamp_pool3
Swamp:3:  nicolae_swamp_long_stream, layout_basic_swamp,
          evilmike_swamp_ruin_rubble_1
Swamp:4:  swamp_vile, layout_basic_swamp, swamp_pool1, infiniplex_staircase_pool
Orc:1:    layout_diamond_mine, serial_shops, nicolae_shop_crystal, uniq_urug
Orc:2:    st_orc_congregation, layout_caves

Skill      XL: |  1  2  3  4  5  6  7  8  9 10 11 12 13 14 15 16 17 |
---------------+----------------------------------------------------+-----
Shields        | 3 4 5 6 7 8 10 11 13 | 13.3
Unarmed Combat | 3 4 5 7 8 10 11 13 14 16 17 19 20 | 20.3
Fighting       | 3 4 5 6 7 8 9 10 12 | 12.7
Dodging        | 3 5 6 7 8 9 |  9.9
Spellcasting   | 1 2 |  2.8
Earth Magic    | 3 |  3.6
Transmutations | 2 |  2.9

Action                   |  1- 3 |  4- 6 |  7- 9 | 10-12 | 13-15 | 16-18 || total
-------------------------+-------+-------+-------+-------+-------+-------++-------
Melee: Unarmed           |   105 |   214 |   287 |   525 |  1264 |   372 ||  2767
       Hand axe          |       |       |       |     8 |    17 |    64 ||    89
Throw: Dart              |     3 |    10 |     4 |     5 |       |       ||    22
Invok: Lunge             |       |    14 |    24 |    39 |    83 |    37 ||   197
       Whirlwind         |       |       |     3 |    40 |   145 |    34 ||   222
       Heavenly Storm    |       |       |       |       |       |     1 ||     1
Evoke: Wand              |       |     4 |       |     2 |     3 |       ||     9
  Use: Scroll            |       |     2 |     7 |    17 |    17 |     7 ||    50
       Potion            |       |       |     2 |     8 |    23 |     1 ||    34
 Stab: Sleeping          |     1 |     2 |       |       |       |       ||     3
       Fleeing           |       |       |       |       |     1 |       ||     1
       Invisible         |       |       |       |       |     1 |       ||     1
Armor: Robe              |    33 |    67 |    82 |    43 |       |       ||   225
       Troll leather arm |       |       |       |    63 |   266 |       ||   329
       Skin              |       |       |       |     6 |    32 |       ||    38
       Ice dragon scales |       |       |       |       |    30 |   141 ||   171
Dodge: Dodged            |    36 |    63 |    50 |   186 |   420 |   156 ||   911
Block: Kite shield       |    34 |    70 |    98 |   199 |   527 |   179 ||  1107
